woodfighter, chaotic female elven Priestess ############ ---------- ---------- #-------- # |........| |.........######################################### )#.......| ##-......<.| |........| ######################%#|......|# -------.-- |......... ### |......|# ## |.....@..| |...[..|# # |.....s..| |......|# ### |..[.....| |......|# # ---------- --------# ### # # # ### # # # ### #-%------ #|...(..| #.......| |....>.| -------- woodfighter the Acolyte Experience level: 5 Strength: 12 Dexterity: 12 Constitution: 15 Intelligence: 19 Wisdom: 10 Charisma: 10 Health: 0(38) Energy: 43(53) Def: 11 Gold: 188 Moves: 3220 Dungeon seed: WPkbxWtEV7t9q4OF Game ID: woodfighter_1496318005 Your Inventory: Coins $ - 188 gold pieces Weapons a - a blessed +1 mace r - a +0 silver spear (weapon in hand) Armor e - a +0 robe (being worn) n - a +0 small shield (being worn) q - a +0 dwarvish cloak y - a +0 pair of iron shoes (being worn) Comestibles c - a clove of garlic d - 3 sprigs of wolfsbane k - 2 food rations u - an apple J - a tripe ration Scrolls G - a scroll of water L - 3 scrolls of blank paper Rings l - a blessed +1 ring of adornment Wands f - a wand of cancellation (0:1) Tools j - a leather drum K - a lock pick Spells and supernatural/magical abilities: Name Level Category Fail Memory l - light 1 divination 0% 84% p - protection 1 clerical 0% 84% O - create monster 2 clerical 0% 84% W - pray for help -- divine ? -- X - turn undead -- divine ? -- Your skills at the end: Miscellaneous Skills shield [Basic] wands [Basic] Weapon Skills mace [Basic] spear [Basic] Spellcasting Skills clerical spells [Basic] Final Attributes: You were piously aligned. You were sleep resistant. You had infravision. You were very stealthy. You were protected. You are dead. Vanquished creatures: a small mimic 2 gnome lords a gnomish wizard a paper golem a dwarf an iguana 2 jitterbugs a dwarf zombie a coyote a hobbit a large kobold 3 geckos a hobgoblin a brown mold a yellow mold a red mold 11 jackals 8 newts 4 goblins 5 sewer rats 3 grid bugs 3 lichens a kobold zombie 55 creatures vanquished. Voluntary challenges: You did not cause conflict. You were not invisible. You did not have reflection. You were not displaced. You were an atheist. You used a wielded weapon 91 times, starting on turn 3. You did not use tools. You did not use plumbed fixtures. You did not drink any magical draughts. You read items or engraved 1 time, starting on turn 2292. You never genocided any monsters. You never polymorphed an object. You never changed form. You used no wishes. You never split a pudding. You never wrote Elbereth's name. You never violated your personal moral code. Dungeon overview: The Dungeons of Doom: levels 1 to 7 Level 1 an altar to Blind Io a long staircase Level 2 (locked box) a fountain Level 3 (unfound shop) a fountain stairs to The Gnomish Mines Level 4 a scroll shop Level 5 a fountain Level 6 a fountain, a throne Level 7 <- You were here The Gnomish Mines: Level 4 stairs to The Dungeons of Doom History has recorded: On T:1 you entered the Dungeons of Doom to retrieve the Amulet of Yendor! On T:288 you advanced to experience level 2. On T:429 you reached level 2 of The Dungeons of Doom. On T:741 you advanced to experience level 3. On T:785 you reached level 3 of The Dungeons of Doom. On T:890 you reached level 1 of The Gnomish Mines. On T:943 you reached level 4 of The Dungeons of Doom. On T:1733 you reached level 5 of The Dungeons of Doom. On T:1782 you advanced to experience level 4. On T:2168 you reached level 6 of The Dungeons of Doom. On T:2464 you advanced to experience level 5. On T:2929 you reached level 7 of The Dungeons of Doom. Score breakdown: Gold: 188 ( 18 points) Experience: 5 levels ( 400 points) Exploration: 7 levels ( 180 points) Discoveries: 7 items ( 350 points) Variety of kills: 23 monsters ( 1150 points) Major goal: (nothing yet) ( 0 points) Survival: died (score multiplied by 3) Total score: 6294 Latest messages: You see here a sewer rat corpse. A floating eye blocks your way. You stop exploring. The giant spider bites! The giant spider moves its spinnerets around you. The web sticks you to the floor. The giant spider bites! The giant spider moves its spinnerets around you. The air around you begins to shimmer with a golden haze. The giant spider misses. The giant spider moves its spinnerets around you. The golden haze around you becomes more dense. The giant spider bites! The giant spider misses. (2x) The giant spider moves its spinnerets around you. The giant spider misses. The giant spider moves its spinnerets around you. You jab the giant spider. The giant spider bites! The giant spider misses. You jab the giant spider! The giant spider bites! The giant spider moves its spinnerets around you. The giant spider bites! You die... Final status: Goodbye woodfighter the Priestess, killed by a giant spider... You died in The Dungeons of Doom on dungeon level 7 with 6294 points, and 188 pieces of gold, after 3220 moves. You were level 5 with a maximum of 38 hit points when you died.